 Dungeon Crawl Stone Soup version 0.25-a0-306-g3faca94807 (webtiles) character file.

Game seed: 10800666564283556395, levelgen mode: deterministic

357 Redear the Skirmisher (level 6, -1/49 HPs)
             Began as a Mummy Monk on Dec 21, 2019.
             Slain by a worker ant (3 damage)
             ... on level 4 of the Dungeon.
             The game lasted 00:17:12 (8985 turns).

Redear the Skirmisher (Mummy Monk)                  Turns: 8985, Time: 00:17:12

Health: -1/49      AC:  5    Str: 14    XL:     6   Next: 37%
Magic:  6/6        EV: 14    Int:  9    God:
Gold:   251        SH:  4    Dex: 17    Spells: 5/5 levels left

rFire    x . .     SeeInvis .     - Unarmed
rCold    + + .     Gourm    .   a - +0 buckler
rNeg     + + +     Faith    .   (no armour)
rPois    ∞         Spirit   .   h - +2 helmet
rElec    .         Reflect  .   f - +1 cloak
rCorr    +         Harm     .   (no gloves)
MR       .....                  (no boots)
Stlth    ++........             (no amulet)
HPRegen  0.16/turn              c - ring of protection from cold {rC+}
MPRegen  0.10/turn              g - ring of resist corrosion

@: no status effects
A: no food or potions, fire vulnerability, cold resistance 1, negative energy
resistance 3, torment resistance, unbreathing
a: no special abilities


You were on level 4 of the Dungeon.
You were not hungry.

You visited 1 branch of the dungeon, and saw 5 of its levels.

You collected 251 gold pieces.

Inventory:

Armour
 a - a +0 buckler (worn)
 f - a +1 cloak (worn)
 h - a +2 helmet (worn)
Jewellery
 c - a ring of protection from cold (left hand) {rC+}
 g - a ring of resist corrosion (right hand)
Scrolls
 N - 4 scrolls of remove curse {@r2}


   Skills:
 + Level 4.5 Fighting
 + Level 3.7 Dodging
 - Level 1.5 Stealth
 + Level 1.8 Shields
 + Level 3.7 Unarmed Combat


You had 5 spell levels left.
You didn't know any spells.
Your spell library was empty.

Dungeon Overview and Level Annotations

Branches:
Dungeon (5/15)
 Temple: D:4-7

Altars:
Gozag
Xom

Annotations:
D:3 Jessica
D:4 exclusion: ogre


Innate Abilities, Weirdness & Mutations

You do not eat or drink.
Your flesh is vulnerable to fire.
You are immune to poison.
Your flesh is cold resistant. (rC+)
You are immune to negative energy. (rN+++)
You are immune to unholy pain and torment.
You can survive without breathing.


Message History

The worker ant barely misses you.
Your shield prevents you from hitting the worker ant.
The worker ant is moderately wounded.
The worker ant barely misses you.
A frilled lizard comes into view.
You barely miss the worker ant.
The worker ant is moderately wounded.
The worker ant misses you.
You barely miss the worker ant.
The worker ant is moderately wounded.
The worker ant closely misses you.
You hit the worker ant.
The worker ant is heavily wounded.
The worker ant barely misses you. The worker ant bites you.
* * * LOW HITPOINT WARNING * * *
You take 1 damage, and have 2/49 hp.
You hit the worker ant but do no damage.
The worker ant is heavily wounded.
The worker ant bites you.
You die...

***,****** ,,,,,,,,,****
*,,,****,,,,##** *,,,*
*,,,,,.,* ,,,,* *,**,*#.*
**,** *,**,*#.###
,*,*****,**,,....#
,,,,,,,,,****#.#†#
,,*,,,,,.#####.#@#
,,*,,,,,.......#a#
,**,,,,,*#.......#
***,,,,,*#.##.#.## *
***,,,,,,...#.# *
*****#.##.#.# * #.##.#.#
****######......############
**,,,....####.#.!..........#


You could see a worker ant.

Vanquished Creatures
  A howler monkey (D:4)
  4 crimson imps (D:4)
  A jelly (D:5)
  Robin (D:2)
  2 adders
  An ooze (D:4)
  2 worms
  3 dart slugs
  5 leopard geckos
  8 orcs (D:3)
  7 bats
  3 giant cockroaches
  12 goblins
  15 hobgoblins
  2 jackals (D:3)
  8 kobolds
  3 quokkas
  5 frilled lizards
  7 rats
90 creatures vanquished.

Notes
Turn   | Place    | Note
-------+----------+-------------------------------------------
     0 | D:1      | Redear the Mummy Monk began the quest for the Orb.
     0 | D:1      | Reached XP level 1. HP: 18/18 MP: 1/1
   162 | D:1      | Reached XP level 2. HP: 14/24 MP: 2/2
   983 | D:1      | Reached XP level 3. HP: 28/29 MP: 3/3
  1022 | D:2      | Noticed Robin
  2183 | D:2      | HP: 1/29 [worm (10)]
  4147 | D:2      | Reached skill level 3 in Unarmed Combat
  4174 | D:2      | Reached skill level 3 in Dodging
  5459 | D:3      | Reached XP level 4. HP: 33/37 MP: 4/4
  5495 | D:3      | Noticed Jessica
  6356 | D:4      | Found an opulent altar of Gozag.
  7328 | D:2      | Killed Robin
  8329 | D:4      | Found a shimmering altar of Xom.
  8564 | D:4      | Reached skill level 4 in Fighting
  8564 | D:4      | Reached skill level 1 in Shields
  8564 | D:4      | Reached XP level 5. HP: 42/42 MP: 5/5
  8633 | D:4      | Reached XP level 6. HP: 40/49 MP: 6/6
  8758 | D:5      | Entered Level 5 of the Dungeon
  8979 | D:4      | HP: 2/49 [worker ant (5)]
  8984 | D:4      | HP: 2/49 [worker ant (1)]
  8985 | D:4      | Slain by a worker ant

Levels and vault maps discovered:
D:1:      dpeg_chamrin_arrival_tetris, layout_basic, minmay_misc_feat_pillars
D:2:      layout_rooms, first_ration, lemuel_statue_altar, uniq_robin
D:3:      minmay_spotlight, layout_basic, mrwooster_statue_mirror,
          minmay_misc_feat_more_columns, nrook_uturn, roderic_three_in_a_row,
          uniq_jessica
D:4:      layout_loops_cross, nicolae_gozag_cash_rules_everything_around_me,
          amethyst_overflow_temple_binary, hangedman_decor_riveting,
          led_xom_imps
D:5:      layout_rooms, nicolae_overflow_hidden_temple, interstate_on_off

Skill      XL: |  1  2  3  4 |
---------------+-------------+-----
Unarmed Combat | 3 |  3.7
Dodging        | 3 |  3.7
Fighting       | 4 |  4.5
Shields        | 1 |  1.8
Stealth        | |  1.5

Action                   |  1- 3 |  4- 6 || total
-------------------------+-------+-------++-------
Melee: Unarmed           |   249 |   320 ||   569
       Punch             |     2 |       ||     2
  Use: Scroll            |       |     9 ||     9
 Stab: Sleeping          |     4 |       ||     4
Armor: Skin              |    10 |    37 ||    47
Dodge: Dodged            |   148 |   163 ||   311
Block: Buckler           |       |    41 ||    41

Table legend:
 A = Non-vault XP
 B = Vault XP
 C = Vault XP percentage of total XP
 D = Non-vault monster count
 E = Vault monster count
 F = Vault count percentage of total count
                 A         B        C        D         E       F
            +---------+---------+-------+---------+---------+-------
      Total |     272 |     239 |  46.8 |      71 |      19 |  21.1
            +---------+---------+-------+---------+---------+-------
        D:1 |      52 |       2 |   3.7 |      25 |       1 |   3.8
        D:2 |      34 |      23 |  40.4 |      14 |       5 |  26.3
        D:3 |      54 |      18 |  25.0 |      24 |       9 |  27.3
        D:4 |      84 |     196 |  70.0 |       6 |       4 |  40.0
        D:5 |      48 |       0 |   0.0 |       2 |       0 |   0.0
            +---------+---------+-------+---------+---------+-------
